 Dungeon Crawl Stone Soup version 0.18-a0-943-g2c08dd4 (webtiles) character file.

1708 M4edhros the Covert (level 9, -9/47 HPs)
             Began as an Octopode Artificer on Dec 29, 2015.
             Was a Follower of Fedhas.
             Killed from afar by a wretched star (26 damage)
             ... with an orb of energy
             ... on level 2 of the Abyss.
             The game lasted 00:14:08 (5664 turns).

M4edhros the Covert (Octopode Artificer)            Turns: 5664, Time: 00:14:09

Health: -9/47      AC:  1    Str:  7    XL:     9   Next: 3%
Magic:  13/13      EV: 14    Int: 19    God:    Fedhas [*.....]
Gold:   290        SH:  0    Dex: 10    Spells: 0 memorised, 8 levels left

rFire  . . .     SeeInvis .     o - +5 hunting sling
rCold  . . .     Gourm    +     (no shield)
rNeg   . . .     Faith    .     (helmet restricted)
rPois  .         Spirit   .     F - amulet of the gourmand
rElec  .         Dismiss  .     (no ring)
rCorr  .         Reflect  .     (no ring)
SustAt .         Harm     .     (no ring)
MR     .....     Rnd*Tele +     (no ring)
Stlth  +++++.....               (no ring)
                                (no ring)
                                (no ring)
                                (no ring)

@: non-regenerating, diseased, not resistant to hostile enchantments, quite
stealthy
A: almost no armour, amphibious, 8 rings, constrict 8, antennae 1, camouflage 1,
blurry vision 1, clever 1, clumsy 1, deterioration 1, frail 1, teleportitis 1,
weak 2, gelatinous body 1, subdued magic 3, MP-powered wands
a: Evolution, Renounce Religion


You were on level 2 of the Abyss.
You worshipped Fedhas.
Fedhas was aware of your devotion.
You were hungry.

You visited 2 branches of the dungeon, and saw 7 of its levels.
You visited the Abyss 1 time.

You collected 290 gold pieces.

Inventory:

Hand Weapons
 a - a +0 short sword
 j - a +4 quarterstaff of chaos
 o - a +5 hunting sling (weapon)
 q - a +2 short sword of speed
 v - a +2 mace of venom
 w - a +1 mace of protection
 I - a +2 long sword of distortion
Missiles
 m - 8 tomahawks of dispersal
 t - 160 stones (quivered)
 z - 53 sling bullets
Jewellery
 E - an uncursed ring of magical power {unknown}
 F - an amulet of the gourmand (around mantle)
Wands
 b - a wand of flame (4/48)
 c - a wand of enslavement (8/24)
 d - a wand of random effects (12/48)
 C - a wand of magic darts (31/48)
 H - a wand of fire (9/15)
Scrolls
 e - 4 scrolls of remove curse
 h - 3 scrolls of identify
 i - a scroll of blinking {unknown}
 l - 2 scrolls of random uselessness
 n - a scroll of immolation
 r - a scroll of magic mapping {unknown}
 u - a scroll of enchant armour
 y - 2 scrolls of teleportation
 J - a scroll of recharging {unknown}
Potions
 g - a potion of magic {unknown}
 k - a potion of curing
 p - a potion of heal wounds {unknown}
 s - a potion of agility {unknown}
 x - a potion of lignification {unknown}
 A - a potion of degeneration {unknown}
 B - a potion of invisibility
 D - a potion of might {unknown}
 G - a potion of cure mutation {unknown}
 K - a potion of berserk rage {unknown}
Comestibles
 f - 2 bread rations


   Skills:
 - Level 1.0 Fighting
 - Level 1.0 Short Blades
 * Level 4.1 Slings
 * Level 6.4 Dodging
 * Level 9.2 Stealth
 + Level 2.8 Invocations
 + Level 5.7 Evocations


You had 8 spell levels left.
You didn't know any spells.

Dungeon Overview and Level Annotations

Branches:
Dungeon (6/15)             Temple (1/1) D:4

Altars:
Ashenzari
Fedhas
Gozag
Kikubaaqudgha
Makhleb
Okawaru
Pakellas
Qazlal
Sif Muna
Trog
Vehumet
Xom
Zin
The Shining One


Innate Abilities, Weirdness & Mutations

You cannot wear most types of armour.
You are amphibious.
You can wear up to eight rings at the same time.
You can use your tentacles to constrict eight enemies at once.
Your skin changes colour to match your surroundings (Stealth).
Your rubbery body absorbs attacks (AC +1).
You have a pair of small antennae on your head.
Scrolls take you a little longer to read.
Your mind is acute. (Int +2)
You are frail (-10% HP).
[You are clumsy. (Dex -2)]
[Your body sometimes deteriorates upon taking damage.]
[You are occasionally teleported next to monsters.]
[You are very weak. (Str -4)]
[Your spells are much easier to cast, but much less powerful.]
[You expend magic power (3 MP) to strengthen your wands.]


Message History

The wretched star pulses with an eldritch light!
You feel clumsy.
Your connection to magic feels more subdued.
You feel weaker.
Your connection to magic feels nearly dormant.
The wretched star pulses with an eldritch light!
You feel your magical essence link to your wands.
You feel weirdly uncertain.
You feel yourself wasting away.
You feel ill.
Unknown command.
Found a scroll labeled DIUDISHREUWN.
The wretched star glows turbulently.
The orb of energy misses you.
A tentacled starspawn and a worldbinder come into view.
The wretched star glows turbulently.
The orb of energy hits you!
Ouch! That really hurt!
You die...
Xom guffaws!
Fedhas appreciates your contribution to the ecosystem.

...# ....##. ##
....... ..####.
.....# .###..#.#
###.....#
..#.....##.......#
#....*#.#.......#
#........#.....# #
##....#.##@....#
##
#.......###....#
.#.# #####x##.#
.....# #.#
##.#..#.### .....#
.X#.#.......
...?.# ##..#
##..#.# .....#
##.._.##..#.##
..X....
.#........##..
x....#.
...#.##.#..##..


You could see a tentacled starspawn (wandering), a wretched star and a
worldbinder (wandering).

Vanquished Creatures
  The ghost of M4edhros the Sneak, a novice OpAr of Fedhas (D:5)
  Eustachio (D:4)
  An ogre (D:4)
  An orc priest (D:4)
  A scorpion (D:4)
  Crazy Yiuf (D:3)
  3 hounds (D:6)
  2 giant frog skeletons (D:4)
  3 orc wizards
  Ijyb (D:2)
  Terence (D:2)
  5 worker ants
  A hound skeleton (D:5)
  7 adders
  A shadow imp (D:4)
  2 oozes (D:3)
  2 adder skeletons (D:4)
  2 worms
  2 giant geckos
  14 orcs
  A ball python (D:5)
  7 bats
  5 giant cockroaches
  9 hobgoblins
  2 jackals (D:3)
  3 giant newts
  17 goblins
  A jackal skeleton (D:4)
  8 kobolds
  2 quokkas
  8 rats
115 creatures vanquished.

Vanquished Creatures (collateral kills)
  The ghost of oliversarmada the Nimble, a novice MfGl of Okawaru (D:6)
  Edmund (D:5)
  A sky beast (D:5)
  An ogre (D:5)
  A scorpion (D:4)
  A crimson imp (D:5)
  2 orc wizards (D:5)
  A hound (D:6)
  An iguana (D:4)
  A hound skeleton (D:5)
  An orc (D:4)
  A giant gecko skeleton (D:6)
13 creatures vanquished.

Vanquished Creatures (others)
  A necrophage (D:5)
  A worker ant (D:5)
  A worker ant zombie (D:5)
  An orc (D:6)
  55 toadstools
59 creatures vanquished.

Grand Total: 187 creatures vanquished

Notes
Turn   | Place    | Note
--------------------------------------------------------------
     0 | D:1      | M4edhros the Octopode Artificer began the quest for the Orb.
     0 | D:1      | Reached XP level 1. HP: 13/13 MP: 3/3
   385 | D:2      | Reached XP level 2. HP: 13/18 MP: 4/4
   797 | D:3      | Reached XP level 3. HP: 23/23 MP: 5/5
  1341 | D:3      | Reached skill level 4 in Stealth
  1341 | D:3      | Reached XP level 4. HP: 21/28 MP: 6/6
  1463 | D:4      | Found a staircase to the Ecumenical Temple.
  1472 | D:4      | Noticed Eustachio
  1476 | Temple   | Entered the Ecumenical Temple
  1520 | Temple   | Became a worshipper of Xom of Chaos
  1538 | D:4      | XOM: potion effect (might)
  1540 | D:4      | Killed Eustachio
  1540 | D:4      | Reached skill level 5 in Stealth
  1540 | D:4      | Reached XP level 5. HP: 25/33 MP: 6/8
  1560 | D:4      | Found a glowing silver altar of Zin.
  1596 | D:3      | XOM: divination: detect creatures
  1607 | D:3      | XOM: silly message
  1648 | D:3      | Noticed Crazy Yiuf
  1654 | D:3      | Killed Crazy Yiuf
  1654 | D:3      | Reached XP level 6. HP: 38/38 MP: 9/9
  1706 | D:3      | XOM: smoke on damage
  1758 | D:3      | Reached skill level 6 in Stealth
  2117 | D:2      | Found a shattered altar of Ashenzari.
  2122 | D:2      | Saw a vision of the Shoals and the Spider Nest.
  2122 | D:2      | Noticed a merfolk
  2122 | D:2      | Noticed a merfolk
  2122 | D:2      | Noticed a merfolk
  2122 | D:2      | Noticed a merfolk
  2122 | D:2      | Noticed a merfolk
  2122 | D:2      | Noticed a siren
  2122 | D:2      | Noticed a redback
  2122 | D:2      | Noticed a wolf spider
  2122 | D:2      | Noticed a redback
  2122 | D:2      | Noticed a wolf spider
  2122 | D:2      | Noticed a trapdoor spider
  2122 | D:2      | Noticed a trapdoor spider
  2123 | D:2      | Noticed a wolf spider
  2124 | D:2      | Noticed a siren
  2195 | D:2      | XOM: divination: magic mapping
  2216 | D:2      | Noticed Ijyb
  2216 | D:2      | Noticed Terence
  2223 | D:2      | Killed Ijyb
  2227 | D:2      | Killed Terence
  2247 | D:2      | XOM: silly message
  2436 | D:2      | Found a blossoming altar of Fedhas.
  2444 | D:2      | Fell from the grace of Xom
  2444 | D:2      | Became a worshipper of Fedhas Madash
  3178 | D:4      | Reached XP level 7. HP: 35/43 MP: 10/10
  3252 | D:4      | Reached skill level 1 in Slings
  3252 | D:4      | Reached skill level 7 in Stealth
  3304 | D:4      | XOM: summons 6 hostile demons
  3612 | D:4      | Reached * piety under Fedhas
  3824 | D:4      | Reached skill level 5 in Dodging
  3939 | D:4      | XOM: give mutations
  3939 | D:4      | Gained mutation: You are frail (-10% HP). [Xom's mischief]
  3939 | D:4      | Gained mutation: [Your body sometimes deteriorates upon taking damage.] [Xom's mischief]
  3939 | D:4      | Gained mutation: [You are weak. (Str -2)] [Xom's mischief]
  3939 | D:4      | Gained mutation: Your mind is acute. (Int +2) [Xom's mischief]
  4013 | D:5      | Entered Level 5 of the Dungeon
  4054 | D:5      | Reached skill level 1 in Invocations
  4201 | D:5      | Reached skill level 5 in Evocations
  4255 | D:5      | Reached XP level 8. HP: 16/43 MP: 11/11
  4386 | D:5      | Noticed M4edhros's ghost (novice OpAr)
  4406 | D:5      | Killed M4edhros's ghost
  4406 | D:5      | Reached skill level 8 in Stealth
  4431 | D:5      | Noticed Edmund
  4441 | D:5      | Killed Edmund
  4455 | D:5      | Gained mutation: Scrolls take you a little longer to read. [mutagenic meat]
  4456 | D:5      | Lost mutation: [Your body sometimes deteriorates upon taking damage.] [mutagenic meat]
  4457 | D:5      | Gained mutation: You have a pair of small antennae on your head. [mutagenic meat]
  4458 | D:5      | Gained mutation: [Your spells are a little easier to cast, but a little less powerful.] [mutagenic meat]
  4869 | D:6      | Found a glowing golden altar of the Shining One.
  4880 | D:6      | Reached ** piety under Fedhas
  4881 | D:6      | Noticed an angel
  4915 | D:6      | Noticed oliversarmada's ghost (novice MfGl)
  5011 | D:6      | Killed oliversarmada's ghost
  5011 | D:6      | Reached skill level 9 in Stealth
  5011 | D:6      | Reached XP level 9. HP: 25/47 MP: 13/13
  5155 | D:6      | Cast into level 2 of the Abyss (a distortion unwield)
  5176 | Abyss:2  | Noticed an ancient zyme
  5300 | Abyss:2  | Noticed an ancient zyme
  5324 | Abyss:2  | Noticed a flayed ghost
  5373 | Abyss:2  | Noticed a smoke demon
  5375 | Abyss:2  | Noticed a worldbinder
  5392 | Abyss:2  | Noticed a thrashing horror
  5392 | Abyss:2  | Noticed a thrashing horror
  5478 | Abyss:2  | Noticed a wretched star
  5492 | Abyss:2  | Noticed a tentacled starspawn
  5503 | Abyss:2  | Noticed a starcursed mass
  5506 | Abyss:2  | Noticed a spatial maelstrom
  5554 | Abyss:2  | Noticed a worldbinder
  5582 | Abyss:2  | XOM: mild Chrm miscast
  5634 | Abyss:2  | Noticed a thrashing horror
  5645 | Abyss:2  | Found a corrupted altar of Lugonu.
  5647 | Abyss:2  | Noticed a thrashing horror
  5648 | Abyss:2  | Noticed a thrashing horror
  5649 | Abyss:2  | Noticed a thrashing horror
  5655 | Abyss:2  | Noticed an ancient zyme
  5656 | Abyss:2  | Noticed an ancient zyme
  5659 | Abyss:2  | Noticed a wretched star
  5664 | Abyss:2  | Noticed a worldbinder
  5664 | Abyss:2  | Noticed a tentacled starspawn
  5664 | Abyss:2  | Killed from afar by a wretched star

Vault maps used:
D:1:      shiori_shiawase
D:2:      nicolae_overflow_hidden_temple, first_bread,
          grunt_ashenzari_visionary, uniq_iyjb, uniq_terence
D:3:      minmay_goblin_outpost, uniq_crazy_yiuf_cottage
D:4:      zin_academy, minmay_temple_entry_trees, uniq_eustachio
D:5:      uniq_edmund
D:6:      grunt_temple_overflow_holy_war, grunt_temple_overflow_diamond,
          grunt_pakellas_mercury
Temple:   eino_wide_crystal_templ_10

Action                   |  1- 3 |  4- 6 |  7- 9 || total
-------------------------+-------+-------+-------++-------
Melee: Short sword       |    46 |    17 |       ||    63
       Quarterstaff      |       |    81 |    25 ||   106
       Long sword        |       |       |    19 ||    19
 Fire: Hunting sling     |       |       |   109 ||   109
Invok: Evolution         |       |       |     3 ||     3
Evoke: Wand              |    10 |     2 |     9 ||    21
  Use: Potion            |       |     2 |     3 ||     5
       Scroll            |       |       |    12 ||    12
 Stab: Sleeping          |     8 |    16 |     7 ||    31
       Invisible         |       |     2 |       ||     2
       Distracted        |       |     1 |       ||     1
  Eat: Chunk             |       |     5 |     4 ||     9
       Meat ration       |       |     1 |       ||     1
       Bread ration      |       |       |     1 ||     1
